[Event "4th Tata Steel India Blitz Women 2022"]
[Site "Kolkota"]
[Date "2022.12.04"]
[Round "18.4"]
[White "Muzychuk, Anna"]
[Black "Kulkarni Bhakti"]
[Result "1-0"]
[ECO "C28"]
[WhiteElo "2525"]
[BlackElo "2359"]
[Annotator "TA"]
[PlyCount "53"]
[EventDate "2022.11.29"]
[EventType "tourn"]
[EventCountry "IND"]
[SourceTitle "playchess.com"]
[Source "ChessBase"]
[SourceQuality "1"]
[TimeControl "180+2"]

1. e4 d6 2. Nc3 e5 3. f4 Nf6 4. Nf3 Be7 5. Bc4 O-O 6. d3 Nc6 7. f5 Na5 {[%emt 0:00:09] C28: Vienna Game: 2...Nf6 3 Bc4 Nc6.} 8. a3 Nxc4 9. dxc4 {[%emt 0:00:01] [#]} a6 $146 ({Better is} 9... b5 $15) ({Predecessor:} 9... c6 10. O-O Qb6+ 11. Kh1 Rd8 12. Qe2 h6 13. b3 Qc7 14. Bb2 b6 15. Rae1 Bb7 {1-0 (37) Perez Candelario,M (2569)-Vega Gutierrez,B (2148) Linares 2013}) 10. Bg5 b5 11. Bxf6 Bxf6 12. Qd3 bxc4 (12... c6 $11) 13. Qxc4 $14 a5 14. Nd5 c5 (14... Bb7 $14) 15. O-O-O Ba6 {[%emt 0:00:02] [#]} 16. Qc3 {[%emt 0:00:00] White has more active pieces.} Bg5+ 17. Kb1 Rb8 (17... Bb7 $16) 18. h4 Be7 19. g4 Rb7 (19... Bb7 $16 20. g5 Kh8) 20. g5 $18 {[%emt 0:00:04] Threatens to win with h5.} Qd7 $2 (20... Be2 {was worth a try.}) 21. f6 ({Not} 21. Qxa5 Be2 22. Nxe5 dxe5 $16) 21... Bd8 22. Nxe5 Qe6 $2 (22... Qc8 23. fxg7 Re8) 23. Nc6 {[%emt 0:00:07][%csl LRa5,LRg7] Pair of Knights!} Qxe4 24. Rhe1 ({Weaker is} 24. Nxa5 Bxa5 25. Qxa5 Rfb8 $16) 24... Qxh4 25. fxg7 {[%emt 0:00:08] White mates.} Bxg5 26. gxf8=Q+ {[%emt 0:00:06][%mdl 64] [#] Back Rank} Kxf8 27. Qh8# {[%emt 0:00:02] Weighted Error Value: White=0.16 (very precise) /Black=0.73} 1-0

[Event "4th Tata Steel India Blitz Women 2022"]
[Site "Kolkota"]
[Date "2022.12.04"]
[Round "18.5"]
[White "Vaishali, Rameshbabu"]
[Black "Ushenina, Anna"]
[Result "1/2-1/2"]
[ECO "C42"]
[WhiteElo "2454"]
[BlackElo "2454"]
[Annotator "TA"]
[PlyCount "95"]
[EventDate "2022.11.29"]
[EventType "tourn"]
[EventCountry "IND"]
[SourceTitle "playchess.com"]
[Source "ChessBase"]
[SourceQuality "1"]
[TimeControl "180+2"]

1. e4 e5 2. Nf3 Nf6 3. Nxe5 d6 4. Nf3 Nxe4 5. Qe2 Qe7 6. d3 Nf6 7. Bg5 Nbd7 8. Nc3 h6 9. Bh4 Qxe2+ 10. Bxe2 g5 11. Bg3 Nh5 {[%emt 0:00:04] C42: Petroff Defence: 3 Nxe5 and unusual White 3rd moves.} 12. Nd4 Nxg3 13. hxg3 {[%emt 0:00:02] [#]} (13. fxg3 $5 Nf6 14. O-O $14) 13... Nb6 $146 ({Predecessor:} 13... c6 14. Bg4 d5 15. O-O-O Nc5 {½-½ (15) Varga,Z (2434)-Okhotnik,V (2453) Balatonboglar 2016}) 14. g4 Bg7 15. Nf5 Bxf5 16. gxf5 d5 17. O-O-O c6 18. d4 Nc8 19. g4 Nd6 20. Bf3 {[%emt 0:00:02] Inhibits h5.} (20. Nb1 $11 {keeps the balance.}) 20... Kd7 (20... h5 $1 $17) 21. Ne2 $11 Rhe8 22. Ng3 b5 23. c3 a5 24. Rde1 Rxe1+ 25. Rxe1 b4 26. Kc2 Rb8 27. Be2 a4 28. Bd3 a3 29. bxa3 $2 {[%emt 0:00:01] [#]} (29. Nh5 $11 {and White has nothing to worry.} Bh8 30. f6) 29... bxc3 $1 $19 ({And not} 29... bxa3 30. Rb1 Rxb1 31. Kxb1 $11) 30. Ne2 Ra8 31. Rb1 (31. a4 $17) 31... Rxa3 32. Rb3 (32. Rd1 {is a better defense.}) 32... Rxa2+ 33. Kxc3 Ra4 (33... c5 $142 {...c4 is the strong threat.} 34. Rb8 Kc7) 34. Rb4 Ra3+ 35. Rb3 Ra1 36. Kd2 {[%emt 0:00:02] Inhibits c5.} Ra2+ ({Black should play} 36... Ra4 $17 37. Ke3 Bf6) 37. Ke3 (37. Kc3 $1 $11 {was the only way to keep the balance.}) 37... Bf8 ({Of course not} 37... Nc4+ $6 38. Bxc4 dxc4 39. Rb7+ Ke8 40. Rb6 $11) 38. Rb8 Nc8 (38... Be7 $17 {Hoping for ...Ra3.} 39. Rb6 Ra3) 39. Rb7+ $11 Ke8 40. Rc7 Na7 41. Rb7 Bd6 {[%emt 0:00:02] Inhibits Rb8+.} 42. f6 $1 Ra3 43. Rb6 {[%emt 0:00:03] [#]} (43. Kd2 $11 {and White is okay.}) 43... Kd7 $19 {[%emt 0:00:02] aiming for ...Nb5.} 44. Rb7+ Ke8 $2 ({Black should try} 44... Bc7 $19 {Threatens to win with ...Nb5.} 45. Kd2 Nc8) 45. Kd2 $11 {[%emt 0:00:01] The position is equal.} Ra2+ 46. Ke3 Ra3 47. Kd2 Ra2+ 48. Ke3 {[%emt 0:00:02] Weighted Error Value: White=0.34/Black=0.23 (precise)} 1/2-1/2